 Dungeon Crawl Stone Soup version 0.21-a0-402-gcbae7d1 (webtiles) character file.

18406 Mitsuki the Fighter (level 12, -4/111 HPs)
             Began as a Hill Orc Fighter on Oct 26, 2017.
             Was a Priest of the Shining One.
             Slain by an orc warrior
             ... wielding a +0 hand axe
              (19 damage)
             ... on level 11 of the Dungeon.
             The game lasted 00:30:02 (11345 turns).

Mitsuki the Fighter (Hill Orc Fighter)             Turns: 11345, Time: 00:30:03

Health: -4/111     AC: 22    Str: 24    XL:     12   Next: 58%
Magic:  0/19       EV:  9    Int: 19    God:    the Shining One [***...]
Gold:   239        SH: 22    Dex: 10    Spells: 10/11 levels left

rFire    . . .     SeeInvis .   L - +1 morningstar
rCold    . . .     Gourm    .   c - +0 shield
rNeg     + + +     Faith    .   x - +1 pearl dragon scales
rPois    .         Spirit   +   s - +2 hat {Int+3}
rElec    .         Reflect  .   w - scarf {Spirit}
rCorr    .         Harm     .   M - +2 pair of gloves {archery}
MR       .....     Clarity  +   I - +0 pair of boots Stlth ..........Rnd*Tele +
                                C - amulet of regeneration
HPRegen  0.68/turn              m - +3 ring of intelligence
MPRegen  0.16/turn              u - ring of positive energy

@: brilliant, divine shield, glowing
A: horns 1, clarity, teleportitis 1
a: Divine Shield, Renounce Religion, Convert to Beogh


You were on level 11 of the Dungeon.
You worshipped the Shining One.
The Shining One was most pleased with you.
You were not hungry.

You visited 1 branch of the dungeon, and saw 11 of its levels.

You collected 627 gold pieces.
You spent 388 gold pieces at shops.

Inventory:

Hand Weapons
 L - a +1 morningstar (weapon)
Missiles
 h - 4 curare-tipped needles
 O - 2 throwing nets (quivered)
Armour
 c - a +0 shield (worn)
 s - a +2 hat of intelligence (worn)
 w - a scarf of spirit shield (worn)
 x - +1 pearl dragon scales (worn)
 G - a +2 helmet
 I - a +0 pair of boots (worn)
 M - a +2 pair of gloves of archery (worn)
Jewellery
 m - a +3 ring of intelligence (left hand)
 u - a ring of positive energy (right hand)
 B - an uncursed ring of ice
 C - an amulet of regeneration (around neck)
 E - an uncursed ring of wizardry
Wands
 y - a wand of scattershot (4/9)
 J - a wand of disintegration (17/24)
Scrolls
 d - a scroll of remove curse
 e - 2 scrolls of noise
 g - 6 scrolls of teleportation
 k - a scroll of random uselessness
 n - 6 scrolls of identify
 q - a scroll of immolation
 H - a scroll of enchant weapon
 P - 2 scrolls of fear
 R - a scroll of recharging
Potions
 a - 3 potions of brilliance
 b - 3 potions of flight {unknown}
 j - 2 potions of cancellation {unknown}
 l - 2 potions of heal wounds
 p - 3 potions of lignification {unknown}
 t - 2 potions of resistance {unknown}
 v - a potion of berserk rage {unknown}
 z - a potion of mutation {unknown}
 A - 5 potions of curing
 F - 4 potions of invisibility {unknown}
 N - a potion of ambrosia {unknown}
 U - a potion of might
Books
 r - a book of Cantrips

   Spells                             Type                      Level
   a - Confusing Touch                Hexes                        1
   b - Animate Skeleton               Necromancy                   1
   c - Summon Small Mammal            Summoning                    1
   d - Apportation                    Translocation                1
Comestibles
 f - 7 bread rations
 i - 8 royal jellies
 o - 3 meat rations
 S - 2 fruits


   Skills:
 + Level 11.7 Fighting
 + Level 10.6 Maces & Flails
 + Level 10.8 Armour
 + Level 10.8 Shields
 - Level 10.0 Invocations


You had 10 spell levels left.
You knew the following spells:

 Your Spells              Type           Power        Failure   Level  Hunger
b - Apportation           Tloc           ##....       10%         1    ##.....


Dungeon Overview and Level Annotations

Branches:
Dungeon (11/15)            Temple (0/1) D:6            Lair (0/6) D:9
    Orc: D:9-12

Altars:
Cheibriados
Fedhas
Gozag
Qazlal
Sif Muna
Trog
Wu Jian
Xom
Zin
The Shining One

Shops:
D:4 =%[   D:7 [


Innate Abilities, Weirdness & Mutations

You have a pair of small horns on your head.
You possess an exceptional clarity of mind.
You are occasionally teleported next to monsters.


Message History

You take 9 damage, and have 8/111 hp.
You now have 1/19 mp.
You feel much better.
The orc no longer looks unusually strong.
You block the orc warrior's attack.
The orc knight hits you with a war axe of chopping!
* * * LOW MAGIC WARNING * * *;
* * * LOW HITPOINT WARNING * * *
x2 The orc hits you but does no damage.
The orc priest shouts, "Beogh is our master!
Accept the truth or die!"
You regained 5 hp, and now have 13/111 hp.
You now have 0/19 mp.
You puncture the orc knight!
You kill the orc knight!
The orc warrior no longer looks unusually strong.
You block the orc warrior's attack. x2; The orc barely misses you.
You puncture the orc!
You kill the orc!
The orc priest shouts, "Surrender to Beogh and we'll let you live!"
The orc warrior hits you but does no damage.
The orc warrior hits you with a hand axe!!
You die...

#(##.# ##########.##.# #(##.#
#.# # ##(##.# ... ......#
#######.###. #..#### #....<..#
.. #.(# ########..# 5# #..#
#......#..... ..
#..#############......#>####..
...............#@)....#.#
#.##########...#oo....#.# #.#
#oo.oo.....#.# #.#
#.o########### #.##########o.#
...........#.######
..##......oo.o...... ...
....##)(o####### ... o #.).#


You could see 2 orc warriors and 2 orc priests.

Vanquished Creatures
  Gastronok (D:8)
  The ghost of Sassnadas the Blocker, a journeyman MiFi of Okawaru (D:9)
  2 two-headed ogres
  5 death yaks
  Urug (D:10)
  An unseen horror (D:10)
  The ghost of marsu the Grappler, a novice GrMo of Makhleb (D:8)
  Pikel (D:7)
  An orc knight (D:11)
  A cyclops (D:11)
  Psyche (D:9)
  A troll (D:10)
  2 hippogriffs
  11 yaks
  Grum (D:9)
  The ghost of Xeas the Covert, an amateur SpEn (D:5)
  2 hogs (D:10)
  A steam dragon (D:10)
  A human (D:10)
  5 orc warriors
  4 sky beasts
  10 ogres
  4 wolves (D:9)
  2 centaurs
  3 big kobolds
  2 bullfrogs
  15 killer bees
  2 howler monkeys (D:10)
  4 crimson imps
  A bullfrog zombie (D:8)
  A quasit (D:11)
  3 hounds
  3 centaur zombies
  2 jellies
  9 orc priests
  A gnoll shaman (D:7)
  7 orc wizards
  A bullfrog skeleton (D:6)
  5 centaur skeletons
  4 iguanas
  5 worker ants
  2 hound skeletons
  A howler monkey zombie (D:6)
  10 adders
  4 gnolls (D:7)
  3 shadow imps
  2 oozes
  An adder skeleton (D:3)
  2 worms
  A dart slug (D:1)
  10 leopard geckos
  36 orcs
  A ball python (D:3)
  6 giant cockroaches
  6 goblins
  4 hobgoblins
  16 jackals
  8 quokkas
  3 bats (D:3)
  4 frilled lizards
  A giant cockroach zombie (D:6)
  2 jackal skeletons
  A jackal zombie (D:6)
  20 kobolds
  2 leopard gecko skeletons (D:4)
  2 leopard gecko zombies
  3 rats
280 creatures vanquished.

Vanquished Creatures (others)
  A slave (D:7)
1 creature vanquished.

Grand Total: 281 creatures vanquished

Notes
Turn   | Place    | Note
-------+----------+-------------------------------------------
     0 | D:1      | Mitsuki the Hill Orc Fighter began the quest for the Orb.
     0 | D:1      | Reached XP level 1. HP: 19/19 MP: 1/1
   140 | D:1      | Reached XP level 2. HP: 27/27 MP: 2/2
   470 | D:1      | Reached skill level 4 in Fighting
   717 | D:2      | Found an ornate altar of the Wu Jian Council.
   723 | D:2      | Reached XP level 3. HP: 32/33 MP: 3/3
  1702 | D:3      | Reached XP level 4. HP: 33/40 MP: 4/4
  2467 | D:3      | Learned a level 1 spell: Apportation
  2634 | D:3      | Reached XP level 5. HP: 16/47 MP: 5/5
  3237 | D:4      | Reached skill level 5 in Fighting
  3237 | D:4      | Reached XP level 6. HP: 43/56 MP: 6/6
  3617 | D:4      | Found Iclaguk's Jewellery Shop.
  3705 | D:4      | Bought a cursed -2 ring of slaying for 28 gold pieces
  3717 | D:4      | Found a blossoming altar of Fedhas.
  3717 | D:4      | Found Naguungo's Armour Emporium.
  3794 | D:4      | Found a shimmering altar of Xom.
  3813 | D:4      | Found Yluifoh's Food Emporium.
  3819 | D:4      | Reached skill level 5 in Armour
  3819 | D:4      | Reached skill level 5 in Shields
  3819 | D:4      | Reached XP level 7. HP: 57/61 MP: 7/7
  3994 | D:4      | Found a deep blue altar of Sif Muna.
  4209 | D:5      | Entered Level 5 of the Dungeon
  4332 | D:5      | Found a stormy altar of Qazlal.
  4463 | D:5      | Reached skill level 6 in Fighting
  4491 | D:5      | Reached skill level 5 in Maces & Flails
  4542 | D:5      | Noticed Xeas's ghost (amateur SpEn)
  4578 | D:5      | Killed Xeas's ghost
  4578 | D:5      | Reached XP level 8. HP: 65/71 MP: 6/8
  4892 | D:5      | Found a snail-covered altar of Cheibriados.
  4893 | D:5      | Found a glowing golden altar of the Shining One.
  5345 | D:6      | Found an opulent altar of Gozag.
  5371 | D:6      | Reached skill level 7 in Fighting
  5730 | D:5      | Found a glowing silver altar of Zin.
  5731 | D:5      | Became a worshipper of the Shining One
  5905 | D:6      | Found a staircase to the Ecumenical Temple.
  5942 | D:6      | Reached skill level 1 in Invocations
  6179 | D:6      | Reached XP level 9. HP: 55/79 MP: 8/10
  6594 | D:7      | Found Doorymn's Antique Armour Shoppe.
  6625 | D:7      | Noticed Pikel
  6632 | D:7      | Killed Pikel
  6632 | D:7      | Reached skill level 8 in Fighting
  6939 | D:7      | Bought a glowing helmet for 180 gold pieces
  6939 | D:7      | Bought a pair of glowing gloves for 180 gold pieces
  7698 | D:8      | Reached * piety under the Shining One
  7800 | D:8      | Noticed a two-headed ogre
  7810 | D:8      | Killed a two-headed ogre
  7810 | D:8      | Reached skill level 5 in Invocations
  7810 | D:8      | Reached XP level 10. HP: 68/90 MP: 9/13
  7845 | D:8      | Noticed Gastronok
  7871 | D:8      | Killed Gastronok
  7871 | D:8      | Reached skill level 9 in Fighting
  8314 | D:8      | Noticed marsu's ghost (novice GrMo)
  8339 | D:8      | Killed marsu's ghost
  8371 | D:8      | Found a bloodstained altar of Trog.
  8539 | D:9      | Noticed Sassnadas's ghost (journeyman MiFi)
  8574 | D:9      | Killed Sassnadas's ghost
  8574 | D:9      | Reached skill level 10 in Fighting
  8574 | D:9      | Reached XP level 11. HP: 61/99 MP: 9/16
  8760 | D:9      | Noticed Grum
  8774 | D:9      | Killed Grum
  9108 | D:9      | Noticed a death yak
  9108 | D:9      | Reached ** piety under the Shining One
  9109 | D:9      | Found a staircase to the Lair.
  9111 | D:9      | Noticed a death yak
  9118 | D:9      | Noticed a death yak
  9119 | D:9      | Noticed a death yak
  9125 | D:9      | Killed a death yak
  9126 | D:9      | Noticed a death yak
  9181 | D:8      | Killed a death yak
  9245 | D:8      | Killed a death yak
  9254 | D:8      | Killed a death yak
  9327 | D:9      | Killed a death yak
  9327 | D:9      | Reached skill level 10 in Armour
  9327 | D:9      | Reached skill level 10 in Shields
  9423 | D:9      | Noticed Psyche
  9433 | D:9      | Killed Psyche
  9560 | D:10     | Entered Level 10 of the Dungeon
  9609 | D:10     | Reached skill level 11 in Fighting
  9708 | D:10     | Noticed Urug
  9732 | D:10     | Killed Urug
  9732 | D:10     | Reached skill level 10 in Maces & Flails
  9732 | D:10     | Reached XP level 12. HP: 75/110 MP: 8/18
 10848 | D:11     | Noticed a two-headed ogre
 10853 | D:11     | Killed a two-headed ogre
 11066 | D:11     | Found a stormy altar of Qazlal.
 11091 | D:11     | Gained mutation: You possess an exceptional clarity of mind. [mutagenic meat]
 11255 | D:11     | Reached skill level 10 in Invocations
 11277 | D:11     | Gained mutation: You are occasionally teleported next to monsters. [mutagenic meat]
 11279 | D:11     | Gained mutation: You have a pair of small horns on your head. [mutagenic meat]
 11290 | D:11     | Reached *** piety under the Shining One
 11339 | D:11     | HP: 5/111 [orc priest/divine providence (14)]
 11345 | D:11     | Slain by an orc warrior

Vault maps used:
D:1:      roderic_crop_circles_arrival_small
D:2:      old_standard_altar, serial_forest, infiniplex_forest_clump_double,
          infiniplex_forest_straight_2, infiniplex_forest_diagonal,
          infiniplex_forest_corner_1, infiniplex_forest_zigzag_1,
          infiniplex_forest_zigzag_1, infiniplex_forest_end_1,
          infiniplex_forest_straight_4, infiniplex_forest_lined_room_2,
          minmay_octomino_j4
D:3:      kennysheep_flooded_box
D:4:      overflow_temple_1_default, xom_butterflies, led_sif_book,
          serial_shops, nicolae_shop_window_shopping, nicolae_shop_stone, shop,
          first_bread
D:5:      nicolae_overflow_hidden_temple, grunt_qazlal_sundering
D:6:      grunt_gozag_statues, lemuel_temple_firewalk_a
D:7:      serial_shops, nicolae_shop_behind_doors, uniq_pikel
D:8:      overflow_temple_1_default, uniq_gastronok
D:9:      dpeg_lair_monsters, kennysheep_generic_room_14, uniq_psyche, uniq_grum
D:10:     grunt_livestock, uniq_urug
D:11:     special_room, lab_entry_generic, basic_altar, zaba_antful_of_joy

Skill      XL: |  1  2  3  4  5  6  7  8  9 10 11 12 |
---------------+-------------------------------------+-----
Fighting       | 4 5 6 7 8 10 11 | 11.7
Maces & Flails | 3 4 5 6 7 8 10 | 10.6
Shields        | 4 5 6 8 9 10 | 10.8
Armour         | 4 5 6 8 9 10 | 10.8
Invocations    | 1 5 7 9 10 | 10.0

Action                   |  1- 3 |  4- 6 |  7- 9 | 10-12 || total
-------------------------+-------+-------+-------+-------++-------
Melee: Flail             |   147 |   229 |   369 |       ||   745
       Morningstar       |       |       |   131 |   546 ||   677
       Headbutt          |       |       |       |     2 ||     2
Invok: Divine Shield     |       |       |       |     3 ||     3
  Use: Potion            |       |     1 |       |     5 ||     6
       Scroll            |       |       |       |    12 ||    12
  Eat: Chunk             |     1 |     8 |    14 |    14 ||    37
       Meat ration       |       |       |       |     1 ||     1
Armor: Plate armour      |    99 |   155 |       |       ||   254
       Pearl dragon scal |       |     4 |   318 |   270 ||   592
Dodge: Dodged            |    20 |    26 |   195 |   166 ||   407
Block: Shield            |    77 |   137 |   370 |   334 ||   918

Table legend:
 A = Spawn XP
 B = Non-spawn XP
 C = Spawn XP percentage of total XP
 D = Spawn monster count
 E = Non-spawn monster count
 F = Spawn count percentage of total count
 G = Total turns spent on level
                    A         B        C        D         E        F      G
               +---------+---------+-------+---------+---------+-------+---------
         Total |       0 |   26295 |   0.0 |       0 |     280 |   0.0 | 11345
               +---------+---------+-------+---------+---------+-------+---------
           D:1 |       0 |      33 |   0.0 |       0 |      18 |   0.0 |   712
           D:2 |       0 |      40 |   0.0 |       0 |       9 |   0.0 |   973
           D:3 |       0 |     132 |   0.0 |       0 |      28 |   0.0 |  1438
           D:4 |       0 |     642 |   0.0 |       0 |      22 |   0.0 |  1086
           D:5 |       0 |     674 |   0.0 |       0 |      20 |   0.0 |  1005
           D:6 |       0 |    1247 |   0.0 |       0 |      38 |   0.0 |  1163
           D:7 |       0 |    1397 |   0.0 |       0 |      19 |   0.0 |  1214
           D:8 |       0 |    7332 |   0.0 |       0 |      28 |   0.0 |  1083
           D:9 |       0 |    5575 |   0.0 |       0 |      23 |   0.0 |   886
          D:10 |       0 |    4396 |   0.0 |       0 |      33 |   0.0 |  1372
          D:11 |       0 |    4827 |   0.0 |       0 |      42 |   0.0 |   413
               +---------+---------+-------+---------+---------+-------+---------
